[ PARTIDA AOE2 · #506723560 ]
UnrankedPersas vs Tupi
Equipo del jugador · DERR
Equipo rival · VICT
[ ANÁLISIS DE REPETICIÓN · EXTRAÍDO DE LA PARTIDA GRABADA ]
Feudal
—
Castillos
—
Imperial
—
| APM promedio | 47.2 |
| APM pico | 91 |
| eAPM promedio | 17.5 |
| Aldeanos / militares | 13 / 0 |
Foco
⚔️ 20.3% · 🌾 79.7%
Feudal
—
Castillos
—
Imperial
—
| APM promedio | 52.2 |
| APM pico | 98 |
| eAPM promedio | 17.1 |
| Aldeanos / militares | 29 / 0 |
Foco
⚔️ 14.8% · 🌾 85.2%
Mapa de la partida
Recursos iniciales + cada clic de construcción. Líneas = muros · curvas = relieve. ◆ oro · ⬟ piedra · ● bayas · ✦ reliquia · ◌ hueco del cierre
Tu base
Base de Joeuf le neuf
Terreno inicial suavizado · ◌ = hueco del cierre detectado · pasá el cursor para detalles
Inputs por minuto
— Papapishu8352 - - Joeuf le neuf
Build order — Papapishu8352
19 acciones detectadas en el replay
| 0:00 | Encolar | Villager (Male) |
| 0:01 | Encolar | Villager (Male) |
| 0:01 | Encolar | Villager (Male) |
| 0:02 | Construir | House |
| 0:06 | Construir | House |
| 0:25 | Encolar | Villager (Male) |
| 0:26 | Encolar | Villager (Male) |
| 1:38 | Encolar | Villager (Male) |
| 2:33 | Encolar | Villager (Male) |
| 2:33 | Encolar | Villager (Male) |
| 2:40 | Construir | House |
| 3:14 | Investigar | Loom |
| 3:22 | Encolar | Villager (Male) |
| 3:51 | Encolar | Villager (Male) |
| 4:33 | Encolar | Villager (Male) |
| 5:08 | Encolar | Villager (Male) |
| 5:47 | Construir | Town Center |
| 6:12 | Construir | Town Center |
| 7:25 | Encolar | Villager (Male) |
Build order — Joeuf le neuf
43 acciones detectadas en el replay
| 0:01 | Encolar | Villager (Male) |
| 0:02 | Encolar | Villager (Male) |
| 0:02 | Encolar | Villager (Male) |
| 0:02 | Encolar | Villager (Male) |
| 0:02 | Encolar | Villager (Male) |
| 0:04 | Construir | House |
| 0:05 | Construir | House |
| 1:17 | Encolar | Villager (Male) |
| 1:18 | Encolar | Villager (Male) |
| 1:42 | Encolar | Villager (Male) |
| 1:43 | Encolar | Villager (Male) |
| 1:43 | Encolar | Villager (Male) |
| 2:32 | Encolar | Villager (Male) |
| 2:33 | Encolar | Villager (Male) |
| 3:12 | Encolar | Villager (Male) |
| 3:12 | Encolar | Villager (Male) |
| 3:12 | Encolar | Villager (Male) |
| 3:13 | Encolar | Villager (Male) |
| 3:41 | Construir | Settlement |
| 3:54 | Encolar | Villager (Male) |
| 3:54 | Encolar | Villager (Male) |
| 3:55 | Encolar | Villager (Male) |
| 3:55 | Encolar | Villager (Male) |
| 4:46 | Encolar | Villager (Male) |
| 5:30 | Construir | House |
| 5:31 | Construir | House |
| 5:39 | Construir | House |
| 5:47 | Construir | House |
| 6:02 | Construir | Palisade Wall |
| 6:05 | Construir | Palisade Wall |
| 6:11 | Construir | Palisade Wall |
| 6:13 | Construir | Palisade Wall |
| 6:17 | Construir | Palisade Wall |
| 6:19 | Construir | Palisade Wall |
| 6:23 | Construir | Palisade Wall |
| 7:26 | Encolar | Villager (Male) |
| 7:27 | Encolar | Villager (Male) |
| 8:26 | Encolar | Villager (Male) |
| 8:26 | Encolar | Villager (Male) |
| 8:27 | Encolar | Villager (Male) |
| 8:27 | Encolar | Villager (Male) |
| 8:28 | Encolar | Villager (Male) |
| 8:28 | Encolar | Villager (Male) |
Cronología de la partida
| 6:02 | Joeuf le neuf · wall_segment Palisade Wall x1 |
| 6:05 | Joeuf le neuf · wall_segment Palisade Wall x1 |
| 6:11 | Joeuf le neuf · wall_segment Palisade Wall x1 |
| 6:13 | Joeuf le neuf · wall_segment Palisade Wall x1 |
| 6:17 | Joeuf le neuf · wall_segment Palisade Wall x1 |
| 6:19 | Joeuf le neuf · wall_segment Palisade Wall x1 |
| 6:23 | Joeuf le neuf · wall_segment Palisade Wall x1 |
| 10:30 | Papapishu8352 · resign |
[ ANÁLISIS IA · 1 CRÉDITO ]
¿Qué pasó realmente en esta partida?
Wolo.gg analiza cada decisión: build order, eco, micro, errores típicos por bracket. Análisis personalizado por WhatsApp o Discord en 30 segundos.
Guía civ
Persas
Perfil
Jugador #19470619